 Dungeon Crawl Stone Soup version 0.21.1-1-g345015f (webtiles) character file.

794 Supreme the Digger (level 7, 0/40 HPs)
             Began as a Gargoyle Earth Elementalist on Apr 1, 2018.
             Slain by Edmund
             ... wielding a +6 flail of draining
              (12 damage)
             ... on level 6 of the Dungeon.
             The game lasted 01:21:17 (5443 turns).

Supreme the Digger (Gargoyle Earth Elementalist)    Turns: 5443, Time: 01:21:17

Health: 0/40       AC: 10    Str: 12    XL:     7   Next: 89%
Magic:  1/12       EV: 12    Int: 17    God:
Gold:   281        SH:  0    Dex: 10    Spells: 4/13 levels left

rFire    . . .     SeeInvis .   p - +4 quarterstaff (chaos)
rCold    . . .     Gourm    .   (shield currently unavailable)
rNeg     + . .     Faith    .   B - +0 robe
rPois    ∞         Spirit   .   G - +2 helmet
rElec    +         Reflect  .   y - +0 cloak
rCorr    +         Harm     .   (no gloves)
MR       .....                  (no boots)
Stlth    ++........             (no amulet)
HPRegen  0.13/turn              r - ring of resist corrosion
MPRegen  0.13/turn              g - ring of flight

@: no status effects
A: negative energy resistance 1, electricity resistance, unbreathing,
petrification resistance, rot immunity, AC +4
a: Evoke Flight


You were on level 6 of the Dungeon.
You were not hungry.

You visited 2 branches of the dungeon, and saw 7 of its levels.

You collected 281 gold pieces.

Inventory:

Hand Weapons
 p - a +4 quarterstaff of chaos (weapon)
 z - a +2 short sword of holy wrath
 H - a +0 mace
Missiles
 b - 128 stones (quivered)
Armour
 c - a +0 large shield
 y - a +0 cloak (worn)
 B - a +0 robe (worn)
 G - a +2 helmet (worn)
Jewellery
 g - a ring of flight (right hand)
 r - a ring of resist corrosion (left hand)
Wands
 x - a wand of polymorph (10)
 Q - a wand of disintegration (12)
Scrolls
 a - a scroll of fog {unknown}
 h - a scroll of enchant weapon {unknown}
 k - a scroll of fear {unknown}
 l - 3 scrolls of remove curse
 I - 4 scrolls of magic mapping {unknown}
 P - 2 scrolls of amnesia {unknown}
Potions
 f - a potion of brilliance
 i - 3 potions of heal wounds {unknown}
 m - a potion of might {unknown}
 R - a potion of curing
Books
 e - a book of Geomancy

   Spells                             Type                      Level
   a - Sandblast                      Earth                        1
   b - Passwall                       Transmutation/Earth          2
   c - Stone Arrow                    Conjuration/Earth            3
   d - Petrify                        Transmutation/Earth          4
   e - Lee's Rapid Deconstruction     Earth                        5
Comestibles
 d - 8 rations


   Skills:
 + Level 2.0 Fighting
 + Level 3.1 Maces & Flails
 + Level 0.3(1.9) Staves
 + Level 3.0 Dodging
 + Level 4.2 Stealth
 + Level 3.9 Spellcasting
 + Level 1.9 Conjurations
   Level 0.7 Transmutations
 + Level 6.0 Earth Magic


You had 4 spell levels left.
You knew the following spells:

 Your Spells              Type           Power        Failure   Level  Hunger
a - Sandblast             Erth           ###...       1%          1    None
b - Stone Arrow           Conj/Erth      ###...       9%          3    ###....
c - Lee's Rapid Deconstr  Erth           ###.......   36%         5    ######.


Dungeon Overview and Level Annotations

Branches:
Dungeon (6/15)             Temple (1/1) D:5

Altars:
Ashenzari
Cheibriados
Elyvilon
Fedhas
Gozag
Hepliaklqana
Nemelex Xobeh
Okawaru
Sif Muna
Trog
Wu Jian
Xom
Zin
The Shining One

Annotations:
D:6 Edmund


Innate Abilities, Weirdness & Mutations

You are resistant to torment.
Your stone body is resilient. (AC +4)
You are immune to poison.
You resist negative energy. (rN+)
You are resistant to electric shocks. (rElec)
You can survive without breathing.
You are immune to petrification.
You are immune to rotting.


Message History

The howler monkey hoots and howls with incredible vigour!
An orc comes into view.
The orc shouts!
Edmund asks, "Have you met my wondrous brother?"
Edmund mutters, "Who needs spells, anyway?"
Edmund hits you with a flail of draining.
* * * LOW HITPOINT WARNING * * *
Unknown command.
Evoke which item? (* to show all) (? for menu, Esc to quit)
Aiming: Disintegrate
Press: ? - help, Shift-Dir - straight line, f - Edmund, p - howler monkey
Aim: Edmund, wielding a flail of draining and wearing a leather armour (lightly wounded, chance to defeat MR: 65%) Edmund struggles to resist.
Evoke which item? (* to show all) (? for menu, Esc to quit)
Aiming: Disintegrate
Press: ? - help, Shift-Dir - straight line, f/p - Edmund
Aim: Edmund, wielding a flail of draining and wearing a leather armour (lightly wounded, chance to defeat MR: 65%) Edmund is blasted.
Edmund hits you with a flail of draining!
You die...

.....#
##...#....#
#...#
##.......###
#...
#.##o.....###
#..
####........#.##
.# #..##.......#
#.######.....
#h# #..# #@# ##
#@# ###


You could see Edmund, a howler monkey and an orc.

Vanquished Creatures
  An ice beast (D:6)
  An ogre (D:4)
  A bullfrog (D:4)
  A scorpion (D:4)
  A hound (D:4)
  Crazy Yiuf (D:2)
  A gnoll shaman (D:4)
  2 orc wizards
  A centaur skeleton (D:4)
  Terence (D:2)
  2 worker ants
  6 gnolls (D:4)
  6 adders
  2 oozes
  3 worms
  3 dart slugs
  6 leopard geckos
  12 orcs
  3 ball pythons
  7 giant cockroaches
  12 goblins
  9 hobgoblins
  3 jackals (D:4)
  6 kobolds
  5 quokkas
  9 bats
  5 frilled lizards
  5 rats
115 creatures vanquished.

Notes
Turn   | Place    | Note
-------+----------+-------------------------------------------
     0 | D:1      | Supreme the Gargoyle Earth Elementalist began the quest for the Orb.
     0 | D:1      | Reached XP level 1. HP: 10/10 MP: 3/3
   231 | D:1      | Reached XP level 2. HP: 13/15 MP: 1/5
   253 | D:1      | Reached skill level 4 in Earth Magic
   436 | D:1      | Reached XP level 3. HP: 19/19 MP: 4/6
   441 | D:1      | Learned a level 3 spell: Stone Arrow
   814 | D:1      | Reached XP level 4. HP: 23/24 MP: 7/7
  1243 | D:2      | Found a runed door.
  1247 | D:2      | Noticed Crazy Yiuf
  1289 | D:2      | Killed Crazy Yiuf
  1289 | D:2      | Reached XP level 5. HP: 11/28 MP: 0/9
  1374 | D:2      | Noticed Terence
  1399 | D:2      | Killed Terence
  1687 | D:2      | Reached skill level 5 in Earth Magic
  2533 | D:3      | Reached skill level 1 in Maces & Flails
  2542 | D:3      | Reached XP level 6. HP: 25/33 MP: 0/10
  2549 | D:3      | Learned a level 5 spell: Lee's Rapid Deconstruction
  2754 | D:5      | Entered Level 5 of the Dungeon
  2811 | D:4      | Reached skill level 1 in Conjurations
  3652 | D:4      | Reached skill level 1 in Fighting
  3685 | D:4      | Reached XP level 7. HP: 26/38 MP: 2/12
  4794 | D:5      | Found a staircase to the Ecumenical Temple.
  4803 | Temple   | Entered the Ecumenical Temple
  5399 | D:5      | You fall through a shaft!
  5423 | D:6      | Noticed Edmund
  5436 | D:6      | Reached skill level 6 in Earth Magic
  5443 | D:6      | Slain by Edmund

Skill      XL: |  1  2  3  4  5  6  7 |
---------------+----------------------+-----
Earth Magic    | 4 5 6 |  6.0
Dodging        | 2 3 |  3.0
Stealth        | 3 4 |  4.2
Maces & Flails | 1 3 |  3.1
Spellcasting   | 3 |  3.9
Conjurations   | 1 |  1.9
Fighting       | 1 2 |  2.0
Staves         | |  0.3
Transmutations | |  0.7

Action                   |  1- 3 |  4- 6 |  7- 9 || total
-------------------------+-------+-------+-------++-------
Melee: Club              |    68 |    44 |       ||   112
       Mace              |       |    71 |    58 ||   129
       Quarterstaff      |       |     7 |     7 ||    14
       Short sword       |       |     4 |       ||     4
 Cast: Sandblast         |    31 |    23 |    19 ||    73
       Stone Arrow       |       |    36 |    24 ||    60
Evoke: Wand              |       |       |     5 ||     5
  Use: Scroll            |       |     8 |     2 ||    10
 Stab: Sleeping          |     7 |     4 |     2 ||    13
  Eat: Chunk             |       |    14 |     5 ||    19
       Ration            |       |       |     1 ||     1
Armor: Robe              |    30 |    72 |    38 ||   140
Dodge: Dodged            |    64 |   123 |    61 ||   248
